 Dungeon Crawl Stone Soup version 0.20.1-1-g8b1a95d (webtiles) character file.

18491 vishdafish the Magus (level 12, -2/98 HPs)
             Began as a Demonspawn Fighter on July 3, 2017.
             Was an Elder of Nemelex Xobeh.
             Slain by an unseen horror (8 damage)
             ... on level 12 of the Dungeon.
             The game lasted 00:34:34 (11561 turns).

vishdafish the Magus (Demonspawn Fighter)          Turns: 11561, Time: 00:34:35

Health: -2/98      AC: 16    Str: 21    XL:     12   Next: 28%
Magic:  0/21       EV:  9    Int: 10    God:    Nemelex Xobeh [****..]
Gold:   785        SH: 11    Dex: 13    Spells: 11/11 levels left

rFire    . . .     SeeInvis .   F - -1 trident (curse)
rCold    + . .     Gourm    .   c - +0 shield
rNeg     . . .     Faith    .   b - +0 scale mail
rPois    +         Spirit   +   (helmet restricted)
rElec    .         Reflect  .   r - +2 cloak {rPois}
rCorr    .         Harm     .   d - +2 pair of gloves
MR       .....                  (no boots)
Stlth    ..........             (no amulet)
Regen    0.3/turn               t - ring of protection from cold
MPRegen  0.2/turn               (no ring)

@: no status effects
A: horns 2, rugged brown scales 2, magic shield
a: Triple Draw, Deal Four, Renounce Religion


You were on level 12 of the Dungeon.
You worshipped Nemelex Xobeh.
Nemelex Xobeh was greatly pleased with you.
You were near starving.

You visited 2 branches of the dungeon, and saw 16 of its levels.

You collected 815 gold pieces.
You spent 30 gold pieces at shops.

Inventory:

Hand Weapons
 n - a +2 spear of venom
 F - a cursed -1 trident (weapon)
Armour
 b - a +0 scale mail (worn)
 c - a +0 shield (worn)
 d - a +2 pair of gloves (worn)
 r - a +2 cloak of poison resistance (worn)
Jewellery
 t - a ring of protection from cold (left hand)
 W - a +2 ring of intelligence {unknown}
Wands
 u - a wand of polymorph (11/24)
 O - a wand of flame (6/48)
 P - a wand of flame (25/48)
 Q - a wand of polymorph (1/24)
 T - a wand of paralysis (9/24)
 Y - a wand of flame (15/48)
Scrolls
 e - 3 scrolls of recharging
 g - a scroll of amnesia
 i - 4 scrolls of immolation
 j - 2 scrolls of fog
 k - 7 scrolls of remove curse
 l - 3 scrolls of teleportation
 o - 4 scrolls of enchant armour
 s - a scroll of enchant weapon {unknown}
 x - a scroll of magic mapping {unknown}
 y - 2 scrolls of random uselessness {unknown}
 U - a scroll of summoning {unknown}
 X - a scroll of blinking {unknown}
Potions
 m - 7 potions of curing
 p - 4 potions of haste
 q - 4 potions of agility
 v - a potion of berserk rage
 z - a potion of ambrosia
 B - a potion of invisibility
 C - 2 potions of mutation
 H - a potion of magic
 I - 2 potions of brilliance {unknown}
 K - 2 potions of might
 N - 2 potions of lignification {unknown}
 S - a potion of flight
Books
 a - a book of Beasts

   Spells                             Type                      Level
   a - Summon Butterflies             Summoning                    1
   b - Call Canine Familiar           Summoning                    3
   c - Summon Ice Beast               Ice/Summoning                4
   d - Summon Mana Viper              Hexes/Summoning              5
   e - Summon Hydra                   Summoning                    7
 D - Sif Muna's Catalogue of Attacks and Talismans
   (You found it on level 6 of the Dungeon)

   Spells                             Type                      Level
   a - Flame Tongue                   Conjuration/Fire             1
   b - Swiftness                      Charms/Air                   2
   c - Dazzling Spray                 Conjuration/Hexes            3
   d - Spectral Weapon                Hexes/Charms                 3
   e - Bolt of Draining               Conjuration/Necromancy       5
   f - Freezing Cloud                 Conjuration/Ice/Air          6
 M - a book of Party Tricks

   Spells                             Type                      Level
   a - Summon Butterflies             Summoning                    1
   b - Apportation                    Translocation                1
   c - Lesser Beckoning               Translocation                3
   d - Tukima's Dance                 Hexes                        3
   e - Alistair's Intoxication        Transmutation/Poison         5
   f - Invisibility                   Hexes                        6
Miscellaneous
 A - a plain deck of summoning {drawn: 8}
 J - a legendary deck of escape {drawn: 5}
 L - an ornate deck of summoning {drawn: 7}
 R - a plain deck of summoning
 V - an ornate deck of destruction
Comestibles
 f - 9 bread rations
 h - 5 royal jellies
 w - 8 meat rations
 E - 5 fruits


   Skills:
 + Level 8.7 Fighting
 * Level 10.1 Polearms
 + Level 7.6 Armour
 - Level 1.2 Dodging
 - Level 0.4 Stealth
 + Level 8.1 Shields
 * Level 13.0 Invocations


You had 11 spell levels left.
You didn't know any spells.

Dungeon Overview and Level Annotations

Branches:
Dungeon (15/15)            Temple (1/1) D:7            Lair (0/6) D:10
    Orc (0/2) D:10         Depths (0/5) D:15
 Vaults: D:13-14

Altars:
Ashenzari
Cheibriados
Dithmenos
Elyvilon
Fedhas
Gozag
Hepliaklqana
Kikubaaqudgha
Makhleb
Nemelex Xobeh
Okawaru
Qazlal
Ru
Sif Muna
Vehumet
Xom
Yredelemnul
Zin
The Shining One

Shops:
D:10 [   D:12 ?


Innate Abilities, Weirdness & Mutations

You have a pair of horns on your head.
You are mostly covered in rugged brown scales. (AC +2, +5% HP)
When hurt, damage is shared between your health and your magic reserves.


Message History

You closely miss something. Something hits you but does no damage.
Something hits you but does no damage.
Something hits you but does no damage. x2
Something hits you but does no damage. Something hits you.
* * * LOW HITPOINT WARNING * * *
There is an open door here.
Something hits you.
* * * LOW HITPOINT WARNING * * *
You feel better. Something hits you but does no damage. Something hits you.
* * * LOW HITPOINT WARNING * * *
There is an open door here.
Something hits you.
* * * LOW HITPOINT WARNING * * *
You hit something. You headbutt something. Something hits you.
* * * LOW HITPOINT WARNING * * *
Something hits you!
You die...
Your body disappears without a glow.

.### #......... #...........)..#
.# #####+#### #...........#### ##
##..∩..# #########..## #.<#####
##........##### ###)#########
#.............# #...........#
#.............# #...........#
#.............##
###.....(.....####.............'.
#...............@'.............#.
.[#...........####.............##
##########.#### #....)........# #
#..# ######'######## # #. # #†##
# #..# ##.# #..# ##.#


There were no monsters in sight!

Vanquished Creatures
  A hydra (D:11)
  3 two-headed ogres
  An unseen horror (D:11)
  A cyclops (D:13)
  2 gargoyles (D:12)
  A troll (D:10)
  3 hippogriffs
  Sigmund (D:2)
  3 wyverns (D:10)
  28 yaks
  4 vampire mosquitoes
  A soldier ant (D:12)
  An acid dragon (D:10)
  3 sky beasts
  4 orc warriors
  4 phantoms
  A black bear (D:9)
  7 ogres
  A boggart (D:11)
  3 centaurs
  A crocodile (D:14)
  6 big kobolds
  8 bullfrogs
  2 wyvern skeletons
  6 scorpions
  7 killer bees
  5 howler monkeys
  4 bullfrog zombies
  A centaur zombie (D:8)
  A quasit (D:10)
  5 hounds
  Crazy Yiuf (D:2)
  3 bullfrog skeletons
  3 orc priests
  2 centaur skeletons
  A jelly (D:11)
  6 orc wizards
  Jessica (D:1)
  Terence (D:3)
  2 iguanas
  7 worker ants
  A hound skeleton (D:5)
  2 hound zombies
  A worker ant zombie (D:10)
  Robin (D:3)
  9 adders
  3 shadow imps
  2 oozes
  2 adder skeletons
  A worm (D:3)
  A dart slug (D:3)
  5 leopard geckos
  17 orcs
  5 giant cockroaches
  19 goblins
  16 hobgoblins
  8 jackals
  41 kobolds
  5 quokkas
  2 ball pythons
  9 bats
  3 frilled lizards
  A quokka skeleton (D:6)
  8 rats
308 creatures vanquished.

Vanquished Creatures (collateral kills)
  A hydra (D:15)
  Erica (D:9)
  A two-headed ogre (D:15)
  A vampire mage (D:15)
  A skeletal warrior (D:15)
  A golden dragon zombie (D:15)
  A necromancer (D:15)
  A manticore (D:15)
  A frost giant zombie (D:15)
  A centaur zombie (D:15)
  A vampire (D:12)
  A yak (D:12)
  A basilisk (D:10)
  The ghost of vishdafish the Shield-Bearer, an amateur DsFi of Nemelex Xobeh (D:4)
  An acid dragon (D:12)
  An orc warrior (D:10)
  A tengu skeleton (D:15)
  A black bear (D:11)
  A centaur (D:12)
  A big kobold (D:10)
  2 orc priests (D:11)
  2 orcs (D:10)
24 creatures vanquished.

Vanquished Creatures (others)
  Maurice (D:10)
  2 kobolds (D:10)
3 creatures vanquished.

Grand Total: 335 creatures vanquished

Notes
Turn   | Place    | Note
-------+----------+-------------------------------------------
     0 | D:1      | vishdafish the Demonspawn Fighter began the quest for the Orb.
     0 | D:1      | Reached XP level 1. HP: 18/18 MP: 1/1
   175 | D:1      | Gained mutation: You are partially covered in rugged brown scales. (AC +1, +3% HP) [demonic ancestry]
   175 | D:1      | Reached XP level 2. HP: 13/24 MP: 2/2
   636 | D:2      | Noticed Jessica
   658 | D:1      | Killed Jessica
   658 | D:1      | Gained mutation: You have a pair of small horns on your head. [demonic ancestry]
   658 | D:1      | Reached XP level 3. HP: 6/29 MP: 3/3
   949 | D:2      | Gained mutation: You are mostly covered in rugged brown scales. (AC +2, +5% HP) [demonic ancestry]
   949 | D:2      | Reached XP level 4. HP: 21/36 MP: 4/4
  1132 | D:2      | Found a burning altar of Makhleb.
  1136 | D:2      | Noticed Sigmund
  1136 | D:2      | Found a radiant altar of Vehumet.
  1136 | D:2      | Found a shattered altar of Ashenzari.
  1159 | D:2      | Killed Sigmund
  1159 | D:2      | Reached skill level 1 in Dodging
  1159 | D:2      | Reached XP level 5. HP: 18/43 MP: 5/5
  1471 | D:2      | Found a runed door.
  1483 | D:2      | Noticed Crazy Yiuf
  1495 | D:2      | Killed Crazy Yiuf
  1495 | D:2      | Gained mutation: You have a pair of horns on your head. [demonic ancestry]
  1495 | D:2      | Reached XP level 6. HP: 41/50 MP: 6/6
  1616 | D:3      | Noticed Terence
  1624 | D:3      | Killed Terence
  1828 | D:3      | Found a sparkling altar of Nemelex Xobeh.
  1891 | D:3      | Became a worshipper of Nemelex Xobeh the Trickster
  1937 | D:3      | Received a gift from Nemelex Xobeh
  2097 | D:3      | Noticed Robin
  2126 | D:3      | Killed Robin
  2159 | D:3      | Reached skill level 1 in Invocations
  2909 | D:4      | Reached * piety under Nemelex Xobeh
  2911 | D:4      | Noticed vishdafish's ghost (amateur DsFi)
  2929 | D:5      | Entered Level 5 of the Dungeon
  2959 | D:5      | Reached skill level 2 in Invocations
  2969 | D:5      | Reached XP level 7. HP: 19/56 MP: 6/8
  3406 | D:5      | Reached skill level 3 in Invocations
  3425 | D:5      | Found an opulent altar of Gozag.
  3508 | D:5      | Reached skill level 4 in Invocations
  3600 | D:5      | Received a gift from Nemelex Xobeh
  3820 | D:4      | Killed vishdafish's ghost
  3889 | D:6      | Reached XP level 8. HP: 64/64 MP: 11/11
  4076 | D:6      | Identified Sif Muna's Catalogue of Attacks and Talismans
  4305 | D:6      | Reached skill level 5 in Polearms
  4305 | D:6      | Reached skill level 5 in Shields
  4305 | D:6      | Reached skill level 5 in Invocations
  4344 | D:6      | Received a gift from Nemelex Xobeh
  4587 | D:6      | Found a blossoming altar of Fedhas.
  4844 | D:7      | Found a staircase to the Ecumenical Temple.
  4868 | D:7      | Reached ** piety under Nemelex Xobeh
  4875 | Temple   | Entered the Ecumenical Temple
  4978 | D:7      | Reached skill level 5 in Fighting
  5029 | D:7      | Noticed a two-headed ogre
  5042 | D:7      | Killed a two-headed ogre
  5042 | D:7      | Reached skill level 6 in Invocations
  5042 | D:7      | Reached XP level 9. HP: 56/71 MP: 13/13
  5100 | D:7      | Reached skill level 5 in Armour
  5220 | D:7      | Reached skill level 7 in Invocations
  5769 | D:8      | Reached skill level 8 in Invocations
  5949 | D:8      | Received a gift from Nemelex Xobeh
  5973 | D:8      | Found a sacrificial altar of Ru.
  6112 | D:9      | Gained mutation: When hurt, damage is shared between your health and your magic reserves. [demonic ancestry]
  6112 | D:9      | Reached XP level 10. HP: 74/80 MP: 16/16
  6135 | D:9      | Noticed Erica
  6155 | D:9      | Reached *** piety under Nemelex Xobeh
  6170 | D:9      | Killed Erica
  6170 | D:9      | Reached skill level 9 in Invocations
  6461 | D:9      | Received a gift from Nemelex Xobeh
  6911 | D:10     | Entered Level 10 of the Dungeon
  6932 | D:10     | Noticed Maurice
  7051 | D:10     | Killed Maurice
  7121 | D:10     | Received a gift from Nemelex Xobeh
  7518 | D:10     | Found a staircase to the Orcish Mines.
  7518 | D:10     | Found Siotunn's Armour Shoppe.
  7644 | D:10     | Noticed a two-headed ogre
  7655 | D:10     | Killed a two-headed ogre
  7655 | D:10     | Reached skill level 10 in Invocations
  8498 | D:10     | Received a gift from Nemelex Xobeh
  8504 | D:10     | Found a staircase to the Lair.
  8732 | D:11     | Reached XP level 11. HP: 88/88 MP: 16/18
  8915 | D:11     | Killed an unseen horror
  9316 | D:11     | Noticed a two-headed ogre
  9325 | D:11     | Killed a two-headed ogre
  9513 | D:11     | Noticed a four-headed hydra
  9522 | D:11     | Killed a four-headed hydra
  9522 | D:11     | Reached skill level 11 in Invocations
  9621 | D:11     | Reached **** piety under Nemelex Xobeh
  9737 | D:12     | Found Ucziuhen's Magic Scroll Shoppe.
  9745 | D:12     | Bought a scroll of identify for 30 gold pieces
  9849 | D:12     | Received a gift from Nemelex Xobeh
 10192 | D:12     | You fall through a shaft for 3 floors!
 10192 | D:15     | Entered Level 15 of the Dungeon
 10192 | D:15     | Found a staircase to the Depths.
 10192 | D:15     | Noticed a necromancer
 10192 | D:15     | Noticed a vampire mage
 10192 | D:15     | Noticed a skeletal warrior
 10202 | D:15     | Killed a vampire mage
 10204 | D:15     | Killed a necromancer
 10211 | D:15     | Killed a skeletal warrior
 10211 | D:15     | Reached skill level 12 in Invocations
 10227 | D:15     | Noticed a two-headed ogre
 10233 | D:15     | Noticed a skeletal warrior
 10234 | D:15     | Noticed a red ugly thing
 10234 | D:15     | Noticed a skeletal warrior
 10235 | D:15     | Noticed a red ugly thing
 10235 | D:15     | Noticed a red ugly thing
 10235 | D:15     | Noticed a skeletal warrior
 10239 | D:15     | Noticed a two-headed ogre
 10239 | D:15     | Noticed a four-headed hydra
 10252 | D:15     | Killed a two-headed ogre
 10253 | D:15     | Killed a four-headed hydra
 10480 | D:14     | Found a glowing golden altar of the Shining One.
 10530 | D:14     | Noticed a cyan ugly thing
 10531 | D:14     | Noticed a cyan ugly thing
 10532 | D:14     | Noticed a cyan ugly thing
 10532 | D:14     | Noticed a cyan ugly thing
 10532 | D:14     | Noticed a cyan ugly thing
 10641 | D:13     | Reached XP level 12. HP: 78/98 MP: 18/21
 10766 | D:12     | Reached skill level 10 in Polearms
 11331 | D:12     | Reached skill level 13 in Invocations
 11516 | D:12     | HP: 3/98 [something (2)]
 11561 | D:12     | Slain by an unseen horror

Skill      XL: |  1  2  3  4  5  6  7  8  9 10 11 12 |
---------------+-------------------------------------+-----
Shields        | 3 4 5 6 7 8 |  8.1
Polearms       | 2 3 4 5 7 8 9 10 | 10.1
Armour         | 3 4 5 6 7 |  7.6
Dodging        | 1 |  1.2
Invocations    | 2 4 6 8 10 12 13 | 13.0
Fighting       | 4 5 6 7 8 |  8.7
Stealth        | |  0.4

Action                   |  1- 3 |  4- 6 |  7- 9 | 10-12 || total
-------------------------+-------+-------+-------+-------++-------
Melee: Trident           |   102 |     6 |       |    31 ||   139
       Headbutt          |     4 |    22 |    85 |   160 ||   271
       Spear             |       |   154 |   459 |   782 ||  1395
       Unarmed           |       |       |       |     9 ||     9
Evoke: Deck              |       |       |     2 |    32 ||    34
       Wand              |       |       |       |     7 ||     7
  Use: Potion            |     3 |     1 |       |     6 ||    10
       Scroll            |       |       |     9 |     8 ||    17
 Stab: Distracted        |       |       |     1 |     1 ||     2
  Eat: Chunk             |       |     7 |     6 |     6 ||    19
       Meat ration       |       |       |     1 |     2 ||     3
Armor: Scale mail        |    68 |    44 |   110 |   385 ||   607
Dodge: Dodged            |    51 |    21 |    84 |   188 ||   344
Block: Shield            |    88 |    41 |   155 |   348 ||   632
